 Dungeon Crawl Stone Soup version 0.29-a0-834-g1e95ca9f62 (webtiles) character file.

Game seed: 17536275886385314821

186 gobodom the Firebug (level 5, -2/36 HPs)
             Began as a Demonspawn Fire Elementalist on July 12, 2022.
             Slain by a river rat (8 damage)
             ... on level 3 of the Dungeon.
             The game lasted 00:07:41 (3647 turns).

gobodom the Firebug (Demonspawn Fire Elementalist)  Turns: 3647, Time: 00:07:42

Health: -2/36      AC:  6    Str: 15    XL:     5   Next: 38%
Magic:  9/9        EV: 12    Int: 18    God:
Gold:   141        SH:  0    Dex: 13    Spells: 9/10 levels left

rFire   . . .      SeeInvis .   (no weapon)
rCold   . . .      Faith    .   (no shield)
rNeg    . . .      Spirit   .   a - +0 robe
rPois   .          Reflect  .   (helmet restricted)
rElec   .          Harm     .   (no cloak)
rCorr   .          Rampage  .   n - +1 pair of gloves
Will    .....                   (no boots)
Stlth   +.........              d - amulet of the acrobat
HPRegen 0.12/turn               b - +6 ring of strength
MPRegen 0.11/turn               (no ring)

@: very slow
A: horns 1, thin metallic scales 1, demonic magic 1
a: no special abilities


You were on level 3 of the Dungeon.
You visited 1 branch of the dungeon, and saw 3 of its levels.

You collected 141 gold pieces.

Inventory:

Missiles
 r - a throwing net
Armour
 a - a +0 robe (worn)
 e - a +0 scale mail of poison resistance
 n - a +1 pair of gloves (worn)
Jewellery
 b - a +6 ring of strength (left hand)
 d - an amulet of the acrobat (around neck)
Scrolls
 f - a scroll of vulnerability {unknown}
 g - a scroll of teleportation {unknown}
 h - 2 scrolls of amnesia {unknown}
 i - a scroll of poison {unknown}
 m - a scroll of brand weapon {unknown}
 o - 3 scrolls of identify {unknown}
 p - a scroll of fear {unknown}
Potions
 c - a potion of curing {unknown}
 j - a potion of degeneration {unknown}
 k - a potion of might {unknown}
 l - 2 potions of attraction {unknown}
 q - a potion of brilliance {unknown}


   Skills:
 + Level 0.6 Fighting
 + Level 2.2 Dodging
 + Level 2.1 Stealth
 + Level 0.2 Unarmed Combat
 + Level 3.3 Spellcasting
 + Level 2.6 Conjurations
 + Level 3.6 Fire Magic


You had 9 spell levels left.
You knew the following spells:

 Your Spells              Type           Power      Damage    Failure   Level
a - Foxfire               Conj/Fire      56%        2x1d6     4%          1

Your spell library contained the following spells:

 Spells                   Type           Power      Damage    Failure   Level
 Scorch                   Fire           32%        2d6       5%          2
 Conjure Flame            Conj/Fire      14%        6-21      13%         3
 Apportation              Tloc           4%         N/A       16%         1
 Inner Flame              Hex/Fire       9%         N/A       22%         3
 Flame Wave               Conj/Fire      14%        2d6       41%         4
 Gell's Gravitas          Tloc           2%         N/A       43%         3
 Teleport Other           Tloc           2%         N/A       43%         3
 Dispersal                Tloc           1%         N/A       100%        6


Dungeon Overview and Level Annotations

Branches:
Dungeon (3/15)

Altars:


Innate Abilities, Weirdness & Mutations

You have a pair of small horns on your head.
You are partially covered in thin metallic scales. (AC +2)
Spells you cast may paralyse adjacent enemies.


Message History

You see here an adder corpse.
A river rat comes into view.
The river rat barely misses you.
You conjure some foxfire!
Malevolent energies surge around you.
The river rat bites you but does no damage.
You hit the river rat. Your headbutt misses the river rat.
The river rat is moderately wounded.
The river rat closely misses you.
You closely miss the river rat.
The river rat is moderately wounded.
The river rat bites you.
There is not enough space to conjure foxfire!
You completely miss the river rat. Your headbutt misses the river rat.
The river rat is moderately wounded.
The river rat bites you.
You hit the river rat.
The river rat is moderately wounded.
The river rat completely misses you.
You closely miss the river rat.
The river rat is moderately wounded.
The river rat bites you.
Your unstable footing causes you to fumble your attack.
You hear the quick rusting of a drain.
The river rat closely misses you.
Your unstable footing causes you to fumble your attack.
The river rat misses you.
You hit the river rat. You headbutt the river rat.
The river rat is almost dead.
The river rat misses you.
Your unstable footing causes you to fumble your attack.
The river rat bites you.
Your unstable footing causes you to fumble your attack.
The river rat bites you!
* * * LOW HITPOINT WARNING * * *
You hit the river rat but do no damage. You headbutt the river rat.
The river rat is almost dead.
The river rat misses you.
Your unstable footing causes you to fumble your attack.
The river rat bites you!
You die...

### #.. #...
############
#....#≈≈≈#≈≈≈≈≈≈#
#...≈#≈#≈#†######
#...≈#≈#≈#≈#≈≈≈≈#
##!.≈†≈≈#≈≈†≈≈##≈# ..
.....≈#≈#≈######## ..
###..≈≈≈#≈≈≈@r≈≈≈#
..#####...#≈#######≈##
.........≈≈≈#
.........§≈≈##
.............#
........####........
......[.# #####....
........# .. ........#


You could see a river rat.

Vanquished Creatures
  A phantom (D:3)
  Jessica (D:3)
  4 adders (D:3)
  A worm (D:2)
  2 endoplasms (D:1)
  3 giant cockroaches
  6 goblins
  3 hobgoblins
  6 kobolds
  2 quokkas
  5 ball pythons
  5 bats
  4 frilled lizards
  8 rats
51 creatures vanquished.

Vanquished Creatures (others)
  185 foxfires
  3 fungi (D:1)
  2 plants (D:1)
190 creatures vanquished.

Grand Total: 241 creatures vanquished

Notes
Turn   | Place    | Note
-------+----------+-------------------------------------------
     0 | D:1      | gobodom the Demonspawn Fire Elementalist began the quest
                  | for the Orb.
     0 | D:1      | Reached XP level 1. HP: 13/13 MP: 3/3
   520 | D:1      | Gained mutation: You have a pair of small horns on your
                  | head. [demonic ancestry]
   520 | D:1      | Reached XP level 2. HP: 19/19 MP: 0/5
  1147 | D:1      | Found a faded altar of an unknown god.
  1157 | D:1      | Got Plato's Atlas of the Jaunt
  2008 | D:2      | Gained mutation: You are partially covered in thin metallic
                  | scales. (AC +2) [demonic ancestry]
  2008 | D:2      | Reached XP level 3. HP: 4/24 MP: 0/6
  3132 | D:3      | Noticed Jessica
  3145 | D:3      | Killed Jessica
  3159 | D:3      | Gained mutation: Spells you cast may paralyse adjacent
                  | enemies. [demonic ancestry]
  3159 | D:3      | Reached XP level 4. HP: 25/31 MP: 0/8
  3380 | D:3      | Noticed a phantom
  3408 | D:3      | Killed a phantom
  3409 | D:3      | Reached XP level 5. HP: 7/36 MP: 0/9
  3647 | D:3      | Slain by a river rat

Illustrated notes

Levels and vault maps discovered:
D:1:      amcnicky_arrival_flooded_fountain, layout_loops_ring,
          shapermc_ecumenical_altar_rom_forum
D:2:      layout_basic, basic_altar
D:3:      layout_rooms, lightli_sewer_entry_pipes, kennysheep_generic_room_5,
          uniq_jessica

Skill      XL: |  1  2  3  4 |
---------------+-------------+-----
Fire Magic     | 3 |  3.6
Dodging        | 2 |  2.2
Stealth        | 2 |  2.1
Spellcasting   | 3 |  3.3
Conjurations   | 2 |  2.6
Fighting       | |  0.6
Unarmed Combat | |  0.2

Action                   |  1- 3 |  4- 6 || total
-------------------------+-------+-------++-------
Melee: Unarmed           |    61 |    42 ||   103
       Headbutt          |    11 |     5 ||    16
 Cast: Foxfire           |    97 |    28 ||   125
  Use: Potion            |     1 |       ||     1
 Stab: Paralysed         |       |     1 ||     1
Armor: Robe              |    20 |    13 ||    33
Dodge: Dodged            |    59 |    35 ||    94

Table legend: (Time is in decaauts)
 A = Elapsed time spent in this place.
 B = Non-inter-level travel time spent in this place.
 C = Inter-level travel time spent in this place.
 D = Time resting spent in this place.
 E = Time spent auto-exploring this place.
 F = Levels seen in this place.
 G = Mean time per level.
                   A        B        C        D        E       F      G
               +--------+--------+--------+--------+--------+-----+--------+
         Total |   3669 |   3578 |     91 |    162 |   2823 |   3 | 1223.0 |
       Dungeon |   3669 |   3578 |     91 |    162 |   2823 |   3 | 1223.0 |
               +--------+--------+--------+--------+--------+-----+--------+

Top non-repeatable levels by time:
     D:1: 1607 daAuts
     D:2: 1598 daAuts
     D:3: 463 daAuts
